 Dungeon Crawl Stone Soup version 0.23.2-1-ga50397a (webtiles) character file.

Game seed: 917962214387066846

125 MalarOregon the Ruffian (level 5, -2/45 HPs)
             Began as a Ghoul Gladiator on June 3, 2019.
             Slain by a worm (11 damage)
             ... on level 3 of the Dungeon.
             The game lasted 00:02:40 (1394 turns).

MalarOregon the Ruffian (Ghoul Gladiator)           Turns: 1394, Time: 00:02:41

Health: -2/45      AC:  4    Str: 18    XL:     5   Next: 9%
Magic:  4/4        EV: 13    Int:  3    God:
Gold:   171        SH:  0    Dex: 11    Spells: 4/4 levels left

rFire    . . .     SeeInvis .     - Unarmed
rCold    + . .     Gourm    .   (no shield)
rNeg     + + +     Faith    .   a - +0 leather armour
rPois    ∞         Spirit   .   b - +0 helmet
rElec    .         Reflect  .   (no cloak)
rCorr    .         Harm     .   (no gloves)
MR       .....                  (no boots)
Stlth    +.........             (no amulet)
HPRegen  0.00/turn              (no ring)
MPRegen  0.09/turn              (no ring)

@: rotting
A: rotting body, claws 1, carnivore, cold resistance 1, negative energy
resistance 3, inhibited regeneration, torment resistance, unbreathing
a: no special abilities


You were on level 3 of the Dungeon.
You were not hungry.

You visited 1 branch of the dungeon, and saw 3 of its levels.

You collected 171 gold pieces.

Inventory:

Missiles
 c - 3 throwing nets (quivered) {!f}
 o - 4 tomahawks of returning
 p - 9 poisoned needles
Armour
 a - a +0 leather armour (worn)
 b - a +0 helmet (worn)
 l - a scarf of cloud immunity
   (You found it on level 2 of the Dungeon)
Scrolls
 f - a scroll of teleportation {unknown}
 g - 2 scrolls of identify {unknown}
 j - a scroll of blinking {unknown}
 n - 2 scrolls of enchant weapon {unknown}
Potions
 h - a potion of might {unknown}
 i - 2 potions of haste {unknown}
 k - 3 potions of brilliance {unknown}
 m - a potion of flight {unknown}
Comestibles
 e - 4 rations {!d}


   Skills:
 + Level 3.4 Fighting
 + Level 2.6 Throwing
 + Level 3.4 Dodging
 + Level 4.2 Unarmed Combat


You had 4 spell levels left.
You didn't know any spells.
Your spell library was empty.

Dungeon Overview and Level Annotations

Branches:
Dungeon (3/15)

Altars:
Wu Jian

Annotations:
D:2 Sigmund


Innate Abilities, Weirdness & Mutations

Your body is rotting away.
You thrive on raw meat.
You are immune to poison.
You have sharp fingernails.
You are carnivorous and can eat meat at any time.
Your flesh is cold resistant. (rC+)
You are immune to negative energy. (rN+++)
You do not regenerate when monsters are visible.
You are immune to unholy pain and torment.
You can survive without breathing.


Message History

You kill the frilled lizard!
The hobgoblin hits you but does no damage.
The hobgoblin barely misses you. The rat closely misses you. The rat bites you.
* * * LOW HITPOINT WARNING * * *
You claw the hobgoblin!
You kill the hobgoblin!
The hobgoblin hits you but does no damage.
The rat closely misses you.
Unknown command.
You completely miss the hobgoblin. The rat closely misses you.
The hobgoblin misses you. The worm misses you.
You scratch the hobgoblin but do no damage.
The rat closely misses you. The rat barely misses you.
The hobgoblin barely misses you.
You scratch the hobgoblin. The rat bites you.
* * * LOW HITPOINT WARNING * * *
The rat completely misses you. The worm closely misses you.
You scratch the hobgoblin.
You kill the hobgoblin!
The rat closely misses you. The rat bites you but does no damage.
You scratch the rat.
You kill the rat!
The rat bites you but does no damage. The worm bites you.
* * * LOW HITPOINT WARNING * * *
You scratch the rat.
You kill the rat!
The worm bites you.
* * * LOW HITPOINT WARNING * * *
Okay, then.
You see here a rat corpse.
You butcher the rat corpse.
Things that are here:
a chunk of flesh; a rat skeleton Eat a chunk of flesh? (ye/n/q)
You eat the chunk of flesh.
This raw flesh tastes great!
The worm bites you.
* * * LOW HITPOINT WARNING * * *
There is a stone staircase leading up here.
Things that are here:
a cursed +0 club; a hobgoblin corpse You butcher the hobgoblin corpse.
Things that are here:
a cursed +0 club; 3 chunks of flesh; a hobgoblin skeleton Eat one of 3 chunks of flesh? (ye/n/q)
You eat one of the 3 chunks of flesh.
This raw flesh tastes great!
The worm bites you but does no damage.
Eat one of 2 chunks of flesh? (ye/n/q)
You eat one of the 2 chunks of flesh.
This raw flesh tastes great!
The worm bites you!
You die...

############
#......).$.##
....[.......##
.......@.....#
.....$.w<.[..#
.........÷...#
.............#
.............#
.............#
..............#
...##..........#
.. ##.........#


You could see a worm.

Vanquished Creatures
  7 gnolls (D:2)
  An adder (D:3)
  A worm (D:2)
  2 leopard geckos (D:1)
  A giant cockroach (D:2)
  4 goblins (D:1)
  8 hobgoblins
  3 bats
  3 frilled lizards
  9 kobolds
  10 rats
49 creatures vanquished.

Notes
Turn   | Place    | Note
-------+----------+-------------------------------------------
     0 | D:1      | MalarOregon the Ghoul Gladiator began the quest for the
                  | Orb.
     0 | D:1      | Reached XP level 1. HP: 17/17 MP: 0/0
   108 | D:1      | Reached XP level 2. HP: 21/25 MP: 1/1
   392 | D:1      | Reached XP level 3. HP: 26/30 MP: 2/2
   973 | D:2      | Reached XP level 4. HP: 28/38 MP: 3/3
   979 | D:2      | Reached skill level 4 in Unarmed Combat
  1043 | D:2      | Found an ornate altar of the Wu Jian Council.
  1343 | D:2      | Noticed Sigmund
  1376 | D:3      | Reached XP level 5. HP: 21/45 MP: 4/4
  1394 | D:3      | Slain by a worm

Skill      XL: |  1  2  3  4 |
---------------+-------------+-----
Throwing       | 2 |  2.6
Dodging        | 3 |  3.4
Fighting       | 3 |  3.4
Unarmed Combat | 4 |  4.2

Action                   |  1- 3 |  4- 6 || total
-------------------------+-------+-------++-------
Melee: Unarmed           |    94 |    53 ||   147
       Punch             |     1 |       ||     1
  Eat: Chunk             |     7 |    10 ||    17
Armor: Leather armour    |    20 |    14 ||    34
Dodge: Dodged            |    48 |    56 ||   104
